 Dungeon Crawl Stone Soup version 0.31-a0-692-gf03d1854d5 (webtiles) character file.

Game seed: 14731110315666175168

57680 qw the Marksgargoyle (level 14, -8/98 HPs)
             Began as a Gargoyle Hunter on Sept 6, 2023.
             Was a High Priest of Okawaru.
             Killed from afar by a tengu reaver (31 damage)
             ... with a bolt of acid
             ... on level 13 of the Dungeon.
             The game lasted 00:08:22 (16602 turns).

qw the Marksgargoyle (Gargoyle Hunter)             Turns: 16602, Time: 00:08:23

Health: -8/98      AC: 28    Str: 16    XL:     14   Next: 87%
Magic:  21/21      EV: 25    Int: 10    God:    Okawaru [*****.]
Gold:   428        SH:  5    Dex: 27    Spells: 13/13 levels left

rFire   + . .        u - +0 arbalest (drain)
rCold   . . .        (shield currently unavailable)
rNeg    + . .        r - +3 leather armour {rF+}
rPois   inf          k - +0 helmet
rElec   +            x - +2 cloak of the Thief {*Fog Slay-2 SInv Stlth+}
rCorr   .            c - +0 pair of gloves
SInv    +            b - +2 pair of boots
Will    ++...        m - amulet of reflection
Stlth   +++++        y - +6 ring of dexterity
HPRegen 0.36/turn    t - ring "Houcw" {+Blink Will+ Dex+4}
MPRegen 0.17/turn

%: reflection
@: about to teleport, heroic, flying
A: sickness immunity, AC +10, big wings, negative energy resistance 1,
electricity resistance, torment resistance 1, petrification resistance
a: Renounce Religion, Evoke Blink, Heroism, Finesse, Duel


You were on level 13 of the Dungeon.
You worshipped Okawaru.
Okawaru was extremely pleased with you.
You visited 3 branches of the dungeon, and saw 19 of its levels.

You collected 1169 gold pieces.
You spent 741 gold pieces at shops.


Innate Abilities, Weirdness & Mutations

You are immune to sickness and miasma.
Your stone body is resilient. (AC +10)
You are immune to poison.
Your large and strong wings let you fly.
You resist negative energy. (rN+)
You are resistant to electric shocks. (rElec)
You are resistant to unholy torment.
You are immune to petrification.


   Skills:
 - Level 15.0(20.0) Fighting
 + Level 16.4(21.4) Ranged Weapons
 - Level 7.5(12.5) Armour
 - Level 8.6(13.6) Dodging
 - Level 1.1(6.1) Stealth
 - Level 10.0 Invocations


You had 13 spell levels left.
You didn't know any spells.
Your spell library was empty.

Inventory:

Hand Weapons
 u - a +0 arbalest of draining (weapon)
Armour
 b - a +2 pair of boots (worn)
 c - a +0 pair of gloves (worn)
 g - a +0 robe of fire resistance
 k - a +0 helmet (worn)
 r - a +3 leather armour of fire resistance (worn)
 x - the +2 cloak of the Thief (worn) {*Fog Slay-2 SInv Stlth+}
   (You found it on level 3 of the Lair of Beasts)

   *Fog:      It may release a thick cloud of smoke when the wearer is hurt.
   Slay-2:    It affects your accuracy & damage with ranged weapons and melee
   (-2).
   SInv:      It lets you see invisible.
   Stlth+:    It makes you more stealthy.
Jewellery
 m - an amulet of reflection (around neck)
 t - the ring "Houcw" (right hand) {+Blink Will+ Dex+4}
   (You found it on level 10 of the Dungeon)

   [ring of willpower]

   Dex+4:     It affects your dexterity (+4).
   Will+:     It increases your willpower.
   +Blink:    It lets you blink.
 v - a ring of fire
 y - a +6 ring of dexterity (left hand)
Wands
 a - a wand of digging (17)
Scrolls
 d - a scroll of identify
 e - 6 scrolls of teleportation
Potions
 f - 4 potions of might
 h - 6 potions of enlightenment
 i - 4 potions of resistance
 j - a potion of cancellation
 o - 8 potions of curing
 p - 3 potions of magic
 q - 3 potions of haste
 s - a potion of mutation
 A - a potion of heal wounds

Dungeon Overview and Level Annotations

Branches:
Dungeon (13/15)            Temple (1/1) D:5            Lair (5/5) D:8
 Shoals (0/4) Lair:3        Snake (0/4) Lair:3        Slime (0/5) Lair:4
    Orc (0/2) D:10
 Vaults: D:13-14

Altars:
Ashenzari
Cheibriados
Dithmenos
Elyvilon
Fedhas
Gozag
Hepliaklqana
Kikubaaqudgha
Makhleb
Nemelex Xobeh
Okawaru
Qazlal
Ru
Sif Muna
Trog
Uskayaw
Vehumet
Wu Jian
Xom
Yredelemnul
Zin
The Shining One
Jiyva
Lugonu

Shops:
D:7 (   D:9 *   D:10 *   D:11 (

Portals:
Abyss: Lair:5
Trove: D:12 (give 8 scrolls of fog)

Annotations:
D:8 1 runed translucent door, qw's ghost, novice GrHs


Message History

You kill the centaur warrior!
Okawaru is honoured by your kill.
You start resting.
A tengu reaver comes into view. It is wielding a +0 dire flail.
You shoot a bolt. The tengu reaver shouts!
The bolt hits the tengu reaver!!
The tengu reaver is moderately wounded.
You shoot a bolt.
The bolt closely misses the tengu reaver.
You shoot a bolt.
The bolt closely misses the tengu reaver.
You shoot a bolt.
The bolt closely misses the tengu reaver.
The tengu reaver completely misses you. The tengu reaver pecks you.
The tengu reaver misses you.
You shoot a bolt.
The bolt closely misses the tengu reaver.
The tengu reaver hits you but does no damage.
The tengu reaver pecks you but does no damage.
The tengu reaver claws you but does no damage.
You shoot a bolt. The bolt misses the tengu reaver.
The tengu reaver points at you and mumbles some strange words.
The bolt of lightning misses you.
You shoot a bolt.
The bolt hits the tengu reaver but does no damage.
The tengu reaver is moderately wounded.
The tengu reaver gestures at you while chanting.
The bolt of cold misses you.
You shoot a bolt.
The bolt closely misses the tengu reaver.
The tengu reaver gestures at you while chanting.
The bolt of acid hits you!!!
With a swish of your cloak, you release a cloud of fog.
16602 ||| READING 7 scrolls of teleportation.
As you read the scroll of teleportation, it crumbles to dust.
You feel strangely unstable.
The tengu reaver points at you and mumbles some strange words.
The bolt of acid hits you!!
You die...

..>.... ..>.....#
.....^.!..........#
....(.............#
..................#
..................# .0
..................####..y
...............¤¤.¤)....#
...............¤¤¤¤..)..#
...............¤@Q####..#
..............###¤#
..............# #.#
..............# ###
..............#
........##...##
.....###.#...# #..
.....#!)####.# #..
...#####...#.# #..


You could see a tengu reaver.

Vanquished Creatures
  Azrael (D:13)
  A yaktaur captain (D:13)
  A fire dragon (Lair:2)
  3 hydras
  3 centaur warriors (D:13)
  4 death yaks (Lair:5)
  2 two-headed ogres
  A boulder beetle (D:13)
  3 thrashing horrors (Lair:5)
  Amaemon (D:9)
  2 skysharks
  3 skeletal warriors (D:11)
  A harpy (Lair:3)
  A mana viper (shapeshifter) (Lair:5)
  2 ugly things (Lair:5)
  A deep elf pyromancer (D:12)
  4 cyclopes
  3 manticores
  10 elephants
  5 black mambas
  A torpor snail (Lair:1)
  An orange demon (D:9)
  A smoke demon (Lair:5)
  11 cane toads
  5 gargoyles
  A kobold demonologist (D:10)
  4 rime drakes
  2 unseen horrors
  9 komodo dragons
  An efreet (D:13)
  A troll (D:8)
  3 burning bushes (Lair:4)
  3 meliai (D:13)
  4 raiju (Lair:5)
  A hornet (Lair:3)
  2 polar bears
  10 blink frogs (Lair:5)
  4 dream sheep (Lair:1)
  A spriggan (Lair:5)
  2 shadows
  2 ynoxinuls (Lair:5)
  4 wyverns
  7 slime creatures (D:12)
  A wraith (D:11)
  3 fire elementals (D:13)
  25 yaks
  Eustachio (D:6)
  A chaos spawn (Lair:5)
  A large abomination (Lair:5)
  7 basilisks
  11 vampire mosquitoes
  3 steam dragons
  An acid dragon (D:10)
  2 hell hounds (D:13)
  Duvessa (D:7)
  16 water moccasins
  7 small abominations (Lair:5)
  An orc warrior (D:7)
  2 sky beasts (D:7)
  2 black bears (D:7)
  4 ice beasts
  A black bear (shapeshifter) (Lair:5)
  3 ogres
  11 wolves
  A centaur (D:10)
  7 kobold brigands (D:10)
  A phantom (D:4)
  15 bullfrogs
  A gnoll sergeant (D:6)
  3 scorpions
  5 wights (D:8)
  Dowan (D:7)
  10 killer bees (D:8)
  A vampire bat (D:5)
  4 electric eels (D:11)
  4 howler monkeys
  6 orc priests
  A hound (D:5)
  A jelly (D:6)
  2 sleepcaps (D:8)
  An iguana (D:5)
  9 orc wizards
  4 gnolls (D:6)
  10 adders
  3 shadow imps
  4 white imps
  2 ufetubi
  4 worms
  14 orcs
  10 bats
  4 endoplasms
  A giant cockroach (D:1)
  7 goblins
  8 hobgoblins
  A quokka (D:1)
  8 ball pythons
  3 frilled lizards
  28 kobolds
  8 kobold skeletons (D:10)
  10 kobold zombies (D:10)
  7 rats
445 creatures vanquished.

Notes
Turn   | Place    | Note
-------+----------+-------------------------------------------
     0 | D:1      | qw the Gargoyle Hunter began the quest for the Orb.
     0 | D:1      | Reached XP level 1. HP: 12/12 MP: 1/1
     0 | D:1      | 0 ||| qw: Version: 0.3-a-76-g4403597
     0 | D:1      | 0 ||| qw: Game counter: 349
     0 | D:1      | 0 ||| qw: Melee chars always use a shield: true
     0 | D:1      | 0 ||| qw: God list: Okawaru
     0 | D:1      | 0 ||| qw: Allow faded altars: false
     0 | D:1      | 0 ||| qw: Do Orc after clearing Dungeon:15 true
     0 | D:1      | 0 ||| qw: Do second Lair branch before Depths: true
     0 | D:1      | 0 ||| qw: Lair rune preference: random
     0 | D:1      | 0 ||| qw: Goals: Normal
     0 | D:1      | 0 ||| PLANNING D:1-11
   323 | D:1      | Reached XP level 2. HP: 17/17 MP: 2/2
   964 | D:1      | 964 ||| DROPPING scarf of shadows.
   965 | D:1      | 965 ||| UPGRADING to +0 ring mail.
   975 | D:1      | 975 ||| DROPPING +0 leather armour.
   976 | D:1      | 976 ||| READING 2 scrolls labelled HIMOMP LOAMM.
   977 | D:1      | 977 ||| READING 3 scrolls labelled YNADGH FAYDIANI.
   981 | D:1      | 981 ||| READING scroll labelled LALUIZELYD.
   991 | D:1      | 991 ||| READING 3 scrolls labelled OPRAIPRO MIORA.
   992 | D:1      | 992 ||| READING 2 scrolls of enchant weapon.
   992 | D:1      | 992 ||| ENCHANTING +1 shortbow.
   993 | D:1      | 993 ||| READING scroll of enchant weapon.
   993 | D:1      | 993 ||| ENCHANTING +2 shortbow.
   994 | D:1      | 994 ||| DROPPING scroll of fog.
   995 | D:1      | 995 ||| DROPPING scroll of butterflies.
  1036 | D:2      | Reached XP level 3. HP: 21/21 MP: 3/3
  1091 | D:2      | Reached skill level 1 in Armour
  1165 | D:2      | Identified the +7 quarterstaff of Demand {venom, rF+}
  1282 | D:2      | Reached skill level 5 in Ranged Weapons
  1393 | D:2      | 1393 ||| UPGRADING to +2 pair of boots.
  1403 | D:2      | 1403 ||| UPGRADING to +0 pair of gloves.
  1426 | D:2      | 1426 ||| READING 2 scrolls labelled XEQ UDYTUHOL.
  1427 | D:2      | 1427 ||| READING scroll labelled OVEUB ENENYTI.
  1428 | D:2      | 1428 ||| DRINKING 2 blue potions.
  1429 | D:2      | 1429 ||| DROPPING potion of degeneration.
  1461 | D:3      | Reached XP level 4. HP: 27/27 MP: 4/4
  1511 | D:3      | Reached skill level 3 in Fighting
  1525 | D:3      | Found a stormy altar of Qazlal.
  1526 | D:3      | Found a shimmering blue altar of Sif Muna.
  1527 | D:3      | Found a snail-covered altar of Cheibriados.
  1527 | D:3      | Found an opulent altar of Gozag.
  2213 | D:3      | 2213 ||| UPGRADING to +0 cloak.
  2218 | D:3      | 2218 ||| READING scroll labelled UXOULITEBI.
  2319 | D:3      | 2319 ||| READING scroll labelled VOEPTA ILLI.
  2320 | D:3      | 2320 ||| READING scroll labelled SUUDAL NOQAECS.
  2321 | D:3      | 2321 ||| READING 2 scrolls of identify.
  2321 | D:3      | 2321 ||| IDENTIFYING fuming puce potion
  2406 | D:4      | Noticed a phantom
  2421 | D:4      | Killed a phantom
  2422 | D:4      | Reached skill level 6 in Ranged Weapons
  2422 | D:4      | Reached XP level 5. HP: 23/32 MP: 5/5
  2477 | D:4      | Reached XP level 6. HP: 37/37 MP: 6/6
  2648 | D:4      | 2648 ||| RETREATING.
  2667 | D:4      | 2667 ||| DRINKING potion of curing.
  2667 | D:4      | 2667 ||| (to cure confusion)
  2689 | D:4      | 2689 ||| FLEEEEING.
  2690 | D:4      | 2690 ||| FLEEEEING.
  2691 | D:4      | 2691 ||| STAIRDANCE
  2710 | D:3      | Reached XP level 7. HP: 33/44 MP: 7/7
  2749 | D:3      | 2749 ||| DROPPING +1 pair of boots of stealth.
  2750 | D:3      | 2750 ||| READING scroll labelled MOKUATANOID.
  2788 | D:4      | 2788 ||| READING scroll of enchant weapon.
  2788 | D:4      | 2788 ||| ENCHANTING +3 heavy shortbow.
  2962 | D:5      | Entered Level 5 of the Dungeon
  2962 | D:5      | Found a staircase to the Ecumenical Temple.
  2963 | D:5      | 2963 ||| PLANNING TEMPLE
  2969 | D:5      | Reached skill level 7 in Ranged Weapons
  2973 | Temple   | Entered the Ecumenical Temple
  2974 | Temple   | 2974 ||| PLANNING OKAWARU WORSHIP
  2998 | Temple   | Became a worshipper of Warmaster Okawaru
  2999 | Temple   | 2999 ||| PLANNING D:1-11
  3488 | D:5      | Found a burning altar of Makhleb.
  3488 | D:5      | Found a shadowy altar of Dithmenos.
  3489 | D:5      | 3489 ||| READING 3 scrolls labelled COFRID QUIPT.
  3490 | D:5      | 3490 ||| READING scroll labelled JIECKO TEBAERR.
  3491 | D:5      | 3491 ||| READING scroll labelled DIEBLE FYSKUUGI.
  3492 | D:5      | 3492 ||| DRINKING 3 clear potions.
  3493 | D:5      | 3493 ||| DRINKING 2 bubbling clear potions.
  3494 | D:5      | 3494 ||| READING 2 scrolls of identify.
  3494 | D:5      | 3494 ||| IDENTIFYING inky potion
  3495 | D:5      | 3495 ||| DROPPING potion of berserk rage.
  3496 | D:5      | 3496 ||| DROPPING potion of brilliance.
  3497 | D:5      | 3497 ||| DROPPING 2 scrolls of fear.
  3520 | D:6      | Reached skill level 8 in Ranged Weapons
  3619 | D:6      | Reached XP level 8. HP: 48/48 MP: 8/8
  3624 | D:6      | Reached * piety under Okawaru
  3636 | D:6      | Noticed Eustachio
  3637 | D:6      | 3637 ||| INVOKING Heroism.
  3638 | D:6      | 3638 ||| INVOKING Heroism.
  3647 | D:6      | Killed Eustachio
  3692 | D:6      | 3692 ||| Stepping ~*~*~tactically~*~*~ (outnumbered).
  3697 | D:6      | 3697 ||| Stepping ~*~*~tactically~*~*~ (retreating).
  3698 | D:6      | 3698 ||| INVOKING Heroism.
  3700 | D:6      | Reached skill level 1 in Invocations
  3707 | D:6      | 3707 ||| INVOKING Heroism.
  3849 | D:6      | 3849 ||| INVOKING Heroism.
  3907 | D:6      | 3907 ||| INVOKING Heroism.
  3910 | D:6      | Reached skill level 9 in Ranged Weapons
  3941 | D:6      | 3941 ||| INVOKING Heroism.
  4193 | D:6      | Reached skill level 6 in Fighting
  4193 | D:6      | Reached XP level 9. HP: 56/56 MP: 10/10
  4252 | D:6      | 4252 ||| UPGRADING to +3 leather armour of fire resistance.
  4262 | D:6      | 4262 ||| DROPPING +0 ring mail.
  4263 | D:6      | 4263 ||| READING scroll labelled ABBUYRUNTO.
  4264 | D:6      | 4264 ||| DRINKING 2 gluggy clear potions.
  4265 | D:6      | 4265 ||| READING 2 scrolls of identify.
  4265 | D:6      | 4265 ||| IDENTIFYING puce potion
  4297 | D:7      | 4297 ||| INVOKING Heroism.
  4384 | D:7      | 4384 ||| Stepping ~*~*~tactically~*~*~ (outnumbered).
  4393 | D:7      | Reached skill level 3 in Invocations
  4401 | D:7      | Reached skill level 10 in Ranged Weapons
  4475 | D:7      | 4475 ||| INVOKING Heroism.
  4483 | D:7      | Reached skill level 3 in Dodging
  4528 | D:7      | 4528 ||| FLEEEEING.
  4529 | D:7      | 4529 ||| FLEEEEING.
  4530 | D:7      | 4530 ||| FLEEEEING.
  4540 | D:7      | 4540 ||| INVOKING Heroism.
  4596 | D:7      | Found a bloodstained altar of Trog.
  4597 | D:7      | 4597 ||| Stepping ~*~*~tactically~*~*~ (outnumbered).
  4598 | D:7      | 4598 ||| Stepping ~*~*~tactically~*~*~ (outnumbered).
  4599 | D:7      | 4599 ||| INVOKING Heroism.
  4713 | D:7      | 4713 ||| INVOKING Heroism.
  4732 | D:7      | Found Wigidut's Antique Weapon Boutique.
  4769 | D:7      | Noticed Duvessa
  4769 | D:7      | Noticed Dowan
  4770 | D:7      | 4770 ||| INVOKING Heroism.
  4774 | D:7      | Killed Duvessa
  4779 | D:7      | Killed Dowan
  4895 | D:7      | 4895 ||| UPGRADING to +0 helmet.
  4900 | D:7      | 4900 ||| DRINKING 3 fuming black potions.
  4943 | D:8      | 4943 ||| RETREATING.
  4945 | D:8      | 4945 ||| Stepping ~*~*~tactically~*~*~ (retreating).
  4950 | D:8      | 4950 ||| INVOKING Heroism.
  4954 | D:8      | Reached skill level 11 in Ranged Weapons
  5074 | D:8      | Noticed a troll
  5075 | D:8      | 5075 ||| RETREATING.
  5078 | D:8      | 5078 ||| RETREATING.
  5080 | D:8      | 5080 ||| INVOKING Heroism.
  5082 | D:8      | Reached XP level 10. HP: 63/63 MP: 10/13
  5136 | D:8      | 5136 ||| READING scroll of enchant weapon.
  5136 | D:8      | 5136 ||| ENCHANTING +4 heavy shortbow.
  5361 | D:8      | Noticed qw's ghost (novice GrHs)
  5368 | D:8      | Found a runed translucent door.
  5398 | D:8      | Reached ** piety under Okawaru
  5550 | D:8      | 5550 ||| READING scroll of enchant weapon.
  5550 | D:8      | 5550 ||| ENCHANTING +5 heavy shortbow.
  5583 | D:8      | Found a staircase to the Lair.
  5626 | D:8      | 5626 ||| INVOKING Heroism.
  5745 | D:8      | 5745 ||| PLANNING LAIR
  5745 | D:8      | 5745 ||| DROPPING +3 leather armour.
  5801 | Lair:1   | Entered Level 1 of the Lair of Beasts
  5830 | Lair:1   | Reached skill level 12 in Ranged Weapons
  5885 | Lair:1   | Noticed a cane toad
  5886 | Lair:1   | 5886 ||| INVOKING Heroism.
  5889 | Lair:1   | Killed a cane toad
  6021 | Lair:1   | Noticed a cane toad
  6022 | Lair:1   | 6022 ||| INVOKING Heroism.
  6028 | Lair:1   | Killed a cane toad
  6040 | Lair:1   | 6040 ||| INVOKING Heroism.
  6186 | Lair:1   | 6186 ||| INVOKING Heroism.
  6243 | Lair:1   | 6243 ||| RETREATING.
  6249 | Lair:1   | Reached skill level 13 in Ranged Weapons
  6383 | Lair:1   | Reached XP level 11. HP: 54/69 MP: 14/14
  6387 | Lair:1   | 6387 ||| RETREATING.
  6388 | Lair:1   | 6388 ||| INVOKING Heroism.
  6391 | Lair:1   | Reached skill level 9 in Fighting
  6403 | Lair:1   | Reached *** piety under Okawaru
  6626 | Lair:1   | 6626 ||| INVOKING Heroism.
  6859 | Lair:1   | 6859 ||| Stepping ~*~*~tactically~*~*~ (water).
  6860 | Lair:1   | 6860 ||| INVOKING Heroism.
  6864 | Lair:1   | Reached skill level 14 in Ranged Weapons
  6895 | Lair:1   | 6895 ||| DROPPING ring of wizardry.
  6896 | Lair:1   | 6896 ||| DRINKING 2 sapphire potions.
  6897 | Lair:1   | 6897 ||| READING 3 scrolls of identify.
  6897 | Lair:1   | 6897 ||| IDENTIFYING cyan potion
  6898 | Lair:1   | 6898 ||| READING 2 scrolls of identify.
  6898 | Lair:1   | 6898 ||| IDENTIFYING smoky green potion
  6915 | Lair:2   | 6915 ||| INVOKING Heroism.
  6919 | Lair:2   | 6919 ||| RETREATING.
  6920 | Lair:2   | 6920 ||| Stepping ~*~*~tactically~*~*~ (retreating).
  6921 | Lair:2   | 6921 ||| Stepping ~*~*~tactically~*~*~ (retreating).
  6922 | Lair:2   | 6922 ||| Stepping ~*~*~tactically~*~*~ (retreating).
  6923 | Lair:2   | 6923 ||| Stepping ~*~*~tactically~*~*~ (retreating).
  6924 | Lair:2   | 6924 ||| Stepping ~*~*~tactically~*~*~ (retreating).
  6925 | Lair:2   | 6925 ||| Stepping ~*~*~tactically~*~*~ (retreating).
  6926 | Lair:2   | 6926 ||| Stepping ~*~*~tactically~*~*~ (retreating).
  6927 | Lair:2   | 6927 ||| Stepping ~*~*~tactically~*~*~ (outnumbered).
  6929 | Lair:2   | 6929 ||| Stepping ~*~*~tactically~*~*~ (retreating).
  6930 | Lair:2   | 6930 ||| Stepping ~*~*~tactically~*~*~ (retreating).
  6931 | Lair:2   | 6931 ||| Stepping ~*~*~tactically~*~*~ (retreating).
  6932 | Lair:2   | 6932 ||| Stepping ~*~*~tactically~*~*~ (retreating).
  6933 | Lair:2   | 6933 ||| Stepping ~*~*~tactically~*~*~ (retreating).
  6934 | Lair:2   | 6934 ||| Stepping ~*~*~tactically~*~*~ (retreating).
  6935 | Lair:2   | 6935 ||| Stepping ~*~*~tactically~*~*~ (retreating).
  6936 | Lair:2   | 6936 ||| Stepping ~*~*~tactically~*~*~ (retreating).
  6940 | Lair:2   | 6940 ||| Stepping ~*~*~tactically~*~*~ (outnumbered).
  6948 | Lair:2   | 6948 ||| INVOKING Heroism.
  6956 | Lair:2   | HP: 16/71 [wolf (3)]
  6957 | Lair:2   | 6957 ||| READING 8 scrolls of teleportation.
  6958 | Lair:2   | 6958 ||| DRINKING 2 potions of heal wounds.
  7137 | Lair:2   | Reached **** piety under Okawaru
  7154 | Lair:2   | Noticed a skyshark
  7161 | Lair:2   | 7161 ||| INVOKING Heroism.
  7168 | Lair:2   | Killed a skyshark
  7452 | Lair:2   | 7452 ||| Stepping ~*~*~tactically~*~*~ (water).
  7454 | Lair:2   | 7454 ||| Stepping ~*~*~tactically~*~*~ (water).
  7614 | Lair:2   | 7614 ||| INVOKING Heroism.
  7834 | Lair:2   | 7834 ||| INVOKING Heroism.
  7839 | Lair:2   | Noticed a fire dragon
  7840 | Lair:2   | 7840 ||| Stepping ~*~*~tactically~*~*~ (retreating).
  7841 | Lair:2   | 7841 ||| Stepping ~*~*~tactically~*~*~ (retreating).
  7842 | Lair:2   | 7842 ||| Stepping ~*~*~tactically~*~*~ (retreating).
  7843 | Lair:2   | 7843 ||| RETREATING.
  7858 | Lair:2   | HP: 15/72 [fire dragon (5)]
  7859 | Lair:2   | 7859 ||| READING 8 scrolls of teleportation.
  7860 | Lair:2   | 7860 ||| DRINKING potion of heal wounds.
  7861 | Lair:2   | 7861 ||| INVOKING Heroism.
  8025 | Lair:2   | 8025 ||| INVOKING Heroism.
  8033 | Lair:2   | Killed a fire dragon
  8034 | Lair:2   | Reached skill level 6 in Invocations
  8157 | Lair:2   | 8157 ||| READING scroll labelled FOUHOA ZIKYAD.
  8191 | Lair:3   | 8191 ||| INVOKING Heroism.
  8199 | Lair:3   | Reached XP level 12. HP: 65/77 MP: 14/16
  8343 | Lair:3   | 8343 ||| RETREATING.
  8353 | Lair:3   | 8353 ||| FLEEEEING.
  8373 | Lair:3   | 8373 ||| Stepping ~*~*~tactically~*~*~ (retreating).
  8374 | Lair:3   | 8374 ||| Stepping ~*~*~tactically~*~*~ (retreating).
  8375 | Lair:3   | 8375 ||| Stepping ~*~*~tactically~*~*~ (retreating).
  8376 | Lair:3   | 8376 ||| Stepping ~*~*~tactically~*~*~ (retreating).
  8382 | Lair:3   | 8382 ||| INVOKING Heroism.
  8403 | Lair:3   | 8403 ||| INVOKING Heroism.
  8639 | Lair:3   | 8639 ||| INVOKING Heroism.
  8664 | Lair:3   | Noticed an eight-headed hydra
  8670 | Lair:3   | Killed an eight-headed hydra
  8693 | Lair:3   | Reached ***** piety under Okawaru
  8701 | Lair:3   | Found a staircase to the Shoals.
  8727 | Lair:3   | Found a staircase to the Snake Pit.
  8834 | Lair:3   | Found the +2 cloak of the Thief {*Fog Slay-2 SInv Stlth+}
  9118 | Lair:3   | 9118 ||| UPGRADING to +2 cloak of the Thief {*Fog Slay-2
                  | SInv Stlth+}.
  9128 | Lair:3   | 9128 ||| DROPPING +0 cloak.
  9162 | Lair:4   | 9162 ||| INVOKING Heroism.
  9166 | Lair:4   | 9166 ||| STAIRDANCE
  9175 | Lair:4   | 9175 ||| STAIRDANCE
  9188 | Lair:3   | Reached skill level 6 in Dodging
  9275 | Lair:4   | 9275 ||| STAIRDANCE
  9307 | Lair:4   | 9307 ||| STAIRDANCE
  9335 | Lair:4   | 9335 ||| STAIRDANCE
  9384 | Lair:4   | 9384 ||| STAIRDANCE
  9389 | Lair:3   | Reached skill level 9 in Invocations
  9440 | Lair:4   | Identified the +4 shortbow of the Valley of Death {elec,
                  | Fragile rF+ Stlth+} (Okawaru gifted it to you on level 4 of
                  | the Lair of Beasts)
  9440 | Lair:4   | Received a gift from Okawaru
  9441 | Lair:4   | 9441 ||| STAIRDANCE
  9574 | Lair:4   | 9574 ||| Stepping ~*~*~tactically~*~*~ (retreating).
  9575 | Lair:4   | 9575 ||| Stepping ~*~*~tactically~*~*~ (retreating).
  9576 | Lair:4   | 9576 ||| Stepping ~*~*~tactically~*~*~ (retreating).
  9633 | Lair:4   | Noticed a skyshark
  9635 | Lair:4   | 9635 ||| INVOKING Heroism.
  9640 | Lair:4   | 9640 ||| RETREATING.
  9646 | Lair:4   | Killed a skyshark
  9842 | Lair:4   | Found a staircase to the Slime Pits.
  9842 | Lair:4   | Found a viscous altar of Jiyva.
  9881 | Lair:4   | Reached skill level 12 in Fighting
 10018 | Lair:4   | 10018 ||| DROPPING +0 leather armour of cold resistance.
 10019 | Lair:4   | 10019 ||| READING 3 scrolls of identify.
 10019 | Lair:4   | 10019 ||| IDENTIFYING white potion
 10020 | Lair:4   | 10020 ||| READING 2 scrolls of identify.
 10020 | Lair:4   | 10020 ||| IDENTIFYING lumpy white potion
 10021 | Lair:4   | 10021 ||| DROPPING potion of ambrosia.
 10057 | Lair:5   | Entered Level 5 of the Lair of Beasts
 10058 | Lair:5   | 10058 ||| STAIRDANCE
 10058 | Lair:5   | Noticed a seven-headed hydra
 10162 | Lair:5   | 10162 ||| STAIRDANCE
 10164 | Lair:4   | 10164 ||| Stepping ~*~*~tactically~*~*~ (retreating).
 10165 | Lair:4   | 10165 ||| Stepping ~*~*~tactically~*~*~ (retreating).
 10166 | Lair:4   | 10166 ||| Stepping ~*~*~tactically~*~*~ (retreating).
 10167 | Lair:4   | 10167 ||| Stepping ~*~*~tactically~*~*~ (retreating).
 10168 | Lair:4   | 10168 ||| INVOKING Heroism.
 10169 | Lair:4   | 10169 ||| Stepping ~*~*~tactically~*~*~ (retreating).
 10170 | Lair:4   | 10170 ||| RETREATING.
 10175 | Lair:4   | Killed a seven-headed hydra
 10176 | Lair:4   | Reached skill level 6 in Armour
 10176 | Lair:4   | Reached XP level 13. HP: 39/86 MP: 18/20
 10177 | Lair:4   | 10177 ||| Stepping ~*~*~tactically~*~*~ (retreating).
 10178 | Lair:4   | 10178 ||| Stepping ~*~*~tactically~*~*~ (retreating).
 10179 | Lair:4   | 10179 ||| Stepping ~*~*~tactically~*~*~ (retreating).
 10180 | Lair:4   | 10180 ||| Stepping ~*~*~tactically~*~*~ (retreating).
 10181 | Lair:4   | 10181 ||| Stepping ~*~*~tactically~*~*~ (retreating).
 10182 | Lair:4   | 10182 ||| Stepping ~*~*~tactically~*~*~ (retreating).
 10182 | Lair:4   | HP: 18/86 [yak (10)]
 10183 | Lair:4   | 10183 ||| READING 8 scrolls of teleportation.
 10453 | Lair:5   | 10453 ||| INVOKING Heroism.
 10456 | Lair:5   | 10456 ||| STAIRDANCE
 10477 | Lair:5   | 10477 ||| RETREATING.
 10483 | Lair:5   | 10483 ||| INVOKING Finesse.
 10517 | Lair:5   | 10517 ||| INVOKING Heroism.
 10526 | Lair:5   | 10526 ||| INVOKING Finesse.
 10527 | Lair:5   | 10527 ||| INVOKING Finesse.
 10530 | Lair:5   | HP: 10/88 [death yak (17)]
 10531 | Lair:5   | 10531 ||| READING 7 scrolls of teleportation.
 10538 | Lair:5   | 10538 ||| RETREATING.
 10539 | Lair:5   | 10539 ||| READING 6 scrolls of teleportation.
 10541 | Lair:5   | HP: 12/88 [elephant (1)]
 10551 | Lair:5   | 10551 ||| FLEEEEING.
 10560 | Lair:5   | 10560 ||| INVOKING Heroism.
 10579 | Lair:5   | 10579 ||| READING 5 scrolls of teleportation.
 10626 | Lair:5   | 10626 ||| INVOKING Heroism.
 10677 | Lair:5   | 10677 ||| INVOKING Heroism.
 10777 | Lair:5   | 10777 ||| FLEEEEING.
 10778 | Lair:5   | 10778 ||| FLEEEEING.
 10780 | Lair:5   | 10780 ||| FLEEEEING.
 10781 | Lair:5   | 10781 ||| FLEEEEING.
 10783 | Lair:5   | 10783 ||| FLEEEEING.
 10833 | Lair:5   | 10833 ||| INVOKING Heroism.
 10840 | Lair:5   | 10840 ||| Stepping ~*~*~tactically~*~*~ (retreating).
 10844 | Lair:5   | 10844 ||| Stepping ~*~*~tactically~*~*~ (retreating).
 10846 | Lair:5   | 10846 ||| Stepping ~*~*~tactically~*~*~ (retreating).
 10847 | Lair:5   | 10847 ||| Stepping ~*~*~tactically~*~*~ (retreating).
 10848 | Lair:5   | 10848 ||| Stepping ~*~*~tactically~*~*~ (retreating).
 10849 | Lair:5   | 10849 ||| Stepping ~*~*~tactically~*~*~ (retreating).
 10902 | Lair:5   | 10902 ||| INVOKING Heroism.
 11079 | Lair:5   | 11079 ||| READING scroll of enchant weapon.
 11079 | Lair:5   | 11079 ||| ENCHANTING +6 heavy shortbow.
 11085 | Lair:5   | 11085 ||| INVOKING Heroism.
 11153 | Lair:5   | 11153 ||| INVOKING Heroism.
 11228 | Lair:5   | 11228 ||| INVOKING Heroism.
 11482 | Lair:5   | 11482 ||| RETREATING.
 11676 | Lair:5   | 11676 ||| INVOKING Heroism.
 11946 | Lair:5   | 11946 ||| INVOKING Heroism.
 11951 | Lair:5   | 11951 ||| RETREATING.
 11953 | Lair:5   | 11953 ||| Stepping ~*~*~tactically~*~*~ (retreating).
 11954 | Lair:5   | 11954 ||| Stepping ~*~*~tactically~*~*~ (retreating).
 11955 | Lair:5   | 11955 ||| Stepping ~*~*~tactically~*~*~ (retreating).
 11956 | Lair:5   | 11956 ||| Stepping ~*~*~tactically~*~*~ (retreating).
 12070 | Lair:5   | Found a corrupted altar of Lugonu.
 12070 | Lair:5   | Found a one-way gate to the infinite horrors of the Abyss.
 12213 | Lair:5   | 12213 ||| PLANNING D:1-11
 12213 | Lair:5   | 12213 ||| UPGRADING to amulet of reflection.
 12218 | Lair:5   | 12218 ||| READING scroll labelled KICHYOREVO.
 12219 | Lair:5   | 12219 ||| READING 2 scrolls of identify.
 12219 | Lair:5   | 12219 ||| IDENTIFYING green potion
 12220 | Lair:5   | 12220 ||| DROPPING potion of invisibility.
 12235 | Lair:4   | 12235 ||| INVOKING Heroism.
 12237 | Lair:4   | 12237 ||| RETREATING.
 12241 | Lair:4   | 12241 ||| Stepping ~*~*~tactically~*~*~ (retreating).
 12325 | D:9      | Found Xyppioni's Assorted Antiques.
 12328 | D:9      | 12328 ||| BUYING amethyst potion (25 gold).
 12328 | D:9      | Bought an amethyst potion for 25 gold pieces
 12328 | D:9      | 12328 ||| BUYING golden ring (140 gold).
 12328 | D:9      | Bought a golden ring for 140 gold pieces
 12328 | D:9      | 12328 ||| BUYING potion of resistance (280 gold).
 12328 | D:9      | Bought a potion of resistance for 280 gold pieces
 12328 | D:9      | 12328 ||| BUYING scroll of identify (56 gold).
 12328 | D:9      | Bought a scroll of identify for 56 gold pieces
 12420 | D:9      | 12420 ||| INVOKING Heroism.
 12422 | D:9      | Gained mutation: Your large and strong wings let you fly.
                  | [Gargoyle growth]
 12422 | D:9      | Reached XP level 14. HP: 64/96 MP: 18/21
 12703 | D:9      | Noticed Amaemon
 12713 | D:9      | Killed Amaemon
 12714 | D:9      | Reached skill level 15 in Fighting
 12948 | D:9      | 12948 ||| Stepping ~*~*~tactically~*~*~ (retreating).
 13113 | D:9      | 13113 ||| DROPPING ring of fire.
 13114 | D:9      | 13114 ||| UPGRADING to +6 ring of dexterity.
 13115 | D:9      | 13115 ||| READING scroll labelled SOGEIL RADOMPEM.
 13116 | D:9      | 13116 ||| READING 3 scrolls of identify.
 13116 | D:9      | 13116 ||| IDENTIFYING amethyst potion
 13117 | D:9      | 13117 ||| READING 2 scrolls of identify.
 13117 | D:9      | 13117 ||| IDENTIFYING bubbling red potion
 13118 | D:9      | 13118 ||| DROPPING potion of attraction.
 13119 | D:9      | 13119 ||| DROPPING potion of lignification.
 13178 | D:10     | Entered Level 10 of the Dungeon
 13319 | D:10     | 13319 ||| Stepping ~*~*~tactically~*~*~ (outnumbered).
 13322 | D:10     | 13322 ||| Stepping ~*~*~tactically~*~*~ (outnumbered).
 13324 | D:10     | 13324 ||| Stepping ~*~*~tactically~*~*~ (outnumbered).
 13349 | D:10     | Found Yhyronko's Elemental Accessories.
 13848 | D:10     | Found a staircase to the Orcish Mines.
 13858 | D:10     | Identified the ring "Houcw" {+Blink Will+ Dex+4}
 14012 | D:10     | 14012 ||| RETREATING.
 14013 | D:10     | 14013 ||| Stepping ~*~*~tactically~*~*~ (outnumbered).
 14015 | D:10     | 14015 ||| Stepping ~*~*~tactically~*~*~ (outnumbered).
 14016 | D:10     | 14016 ||| Stepping ~*~*~tactically~*~*~ (outnumbered).
 14018 | D:10     | 14018 ||| Stepping ~*~*~tactically~*~*~ (outnumbered).
 14019 | D:10     | 14019 ||| Stepping ~*~*~tactically~*~*~ (outnumbered).
 14048 | D:10     | 14048 ||| Stepping ~*~*~tactically~*~*~ (outnumbered).
 14056 | D:10     | 14056 ||| Stepping ~*~*~tactically~*~*~ (outnumbered).
 14060 | D:10     | 14060 ||| DROPPING amulet of regeneration.
 14077 | D:10     | 14077 ||| Stepping ~*~*~tactically~*~*~ (outnumbered).
 14116 | D:10     | 14116 ||| Stepping ~*~*~tactically~*~*~ (outnumbered).
 14122 | D:10     | 14122 ||| Stepping ~*~*~tactically~*~*~ (outnumbered).
 14125 | D:10     | 14125 ||| Stepping ~*~*~tactically~*~*~ (outnumbered).
 14179 | D:10     | Found an ancient bone altar of Kikubaaqudgha.
 14340 | D:10     | 14340 ||| UPGRADING to ring "Houcw" {+Blink Will+ Dex+4}.
 14554 | D:11     | Found Plog's Antique Weapon Boutique.
 14560 | D:11     | 14560 ||| BUYING arbalest (90 gold).
 14560 | D:11     | Bought an arbalest for 90 gold pieces
 14560 | D:11     | 14560 ||| BUYING glowing arbalest (150 gold).
 14560 | D:11     | Bought a glowing arbalest for 150 gold pieces
 14560 | D:11     | 14560 ||| SWAPPING to +0 arbalest of freezing.
 14561 | D:11     | 14561 ||| DROPPING +7 heavy shortbow.
 14562 | D:11     | 14562 ||| DROPPING +4 shortbow of the Valley of Death
                  | {elec, Fragile rF+ Stlth+}.
 14563 | D:11     | 14563 ||| DROPPING +0 arbalest.
 14564 | D:11     | 14564 ||| READING scroll of brand weapon.
 14564 | D:11     | 14564 ||| BRANDING +0 arbalest of freezing.
 14753 | D:11     | 14753 ||| INVOKING Heroism.
 14777 | D:11     | Received a gift from Okawaru
 15101 | D:11     | 15101 ||| PLANNING D
 15136 | D:12     | Found a portal to a secret trove of treasure.
 15511 | D:12     | Reached skill level 15 in Ranged Weapons
 15717 | D:12     | Found a shimmering altar of Xom.
 15761 | D:12     | 15761 ||| Stepping ~*~*~tactically~*~*~ (retreating).
 15774 | D:12     | Found a shimmering altar of Xom.
 15774 | D:12     | Found a shimmering altar of Xom.
 15774 | D:12     | Found a shimmering altar of Xom.
 15774 | D:12     | Found a shimmering altar of Xom.
 15774 | D:12     | Found a shimmering altar of Xom.
 15774 | D:12     | Found a shimmering altar of Xom.
 15997 | D:13     | Received a gift from Okawaru
 16260 | D:13     | Noticed a fire giant
 16264 | D:13     | 16264 ||| INVOKING Heroism.
 16265 | D:13     | HP: 22/98 [fire giant/fireball (21)]
 16266 | D:13     | 16266 ||| READING 8 scrolls of teleportation.
 16267 | D:13     | 16267 ||| DRINKING 2 potions of heal wounds.
 16421 | D:13     | 16421 ||| INVOKING Heroism.
 16422 | D:13     | 16422 ||| INVOKING Finesse.
 16442 | D:13     | Reached skill level 16 in Ranged Weapons
 16491 | D:13     | Found the ring of the Hare {EV+10}
 16525 | D:13     | 16525 ||| INVOKING Heroism.
 16526 | D:13     | 16526 ||| Stepping ~*~*~tactically~*~*~ (retreating).
 16538 | D:13     | Noticed Azrael
 16538 | D:13     | 16538 ||| INVOKING Finesse.
 16541 | D:13     | 16541 ||| Stepping ~*~*~tactically~*~*~ (outnumbered).
 16545 | D:13     | Killed Azrael
 16574 | D:13     | 16574 ||| FLEEEEING.
 16575 | D:13     | 16575 ||| INVOKING Heroism.
 16593 | D:13     | Noticed a tengu reaver
 16601 | D:13     | HP: 23/98 [tengu reaver/bolt of acid (37)]
 16602 | D:13     | 16602 ||| READING 7 scrolls of teleportation.
 16602 | D:13     | Killed from afar by a tengu reaver

Levels and vault maps discovered:
D:1:      scummos_arrival_star, layout_basic, hangedman_decor_points,
          corexii_corridor_pit
D:2:      layout_rooms, serial_glass, glass_columns_a, glass_columns_a,
          item_on_display_a, feat_on_display, feat_on_display,
          minmay_pentomino_s4
D:3:      layout_basic, chequers_temple_overflow_statue_of_worship
D:4:      layout_rooms, grunt_ministairs_6
D:5:      layout_rooms, gammafunk_temple_overflow_wave,
          minmay_temple_entry_statues_fountains, roderic_batcave,
          minmay_splitting_lines, minivault_24
D:6:      layout_basic, wad_floor_pattern_untrapped, minmay_tree_intersection,
          chequers_serial_rivers_small_3, uniq_eustachio
D:7:      layout_gridville, serial_shops, nicolae_shop_tiny_glass,
          corexii_leaking_fountain, david_defended_altar_orc, uniq_duvessa
D:8:      layout_basic, david_lair_shrubbed, hellmonk_ghost_happy_afterlife
D:9:      layout_basic, nicolae_stop_n_shop_2, corexii_hall_statues_deadend,
          uniq_amaemon
D:10:     wander_kiku_kobolds, layout_gridville, orc_0_dummy,
          nicolae_elemental_shop, eino_curves_04
D:11:     layout_basic, serial_shops, nicolae_shop_rolling_square
D:12:     layout_loops_ring, enter_trove_2, xom_shifter_show
D:13:     minmay_chopped_fan, layout_small_grid, hellmonk_vaults_keyhole,
          uniq_azrael
Temple:   regret_index_temple_sphere_string
Lair:1:   layout_long_grid, serial_bayou_shore_a
Lair:2:   dragon1_lemuel, layout_chaotic_city, serial_bayou_ford_a,
          wad_woods_river_03, grunt_megastairs_5
Lair:3:   layout_chaotic_city, nicolae_shoals_entry_roost, dummy_snake_entry
Lair:4:   layout_hall_layers, slime_entry_1, evilmike_ambush
          [evilmike_ambush_outer_pillars, evilmike_ambush_inner_basic]
Lair:5:   hellmonk_lair_end_abyssal_woods, layout_regular_city

Skill      XL: |  1  2  3  4  5  6  7  8  9 10 11 12 13 14 |
---------------+-------------------------------------------+-----
Armour         | 1 2 4 5 6 7 |  7.5
Ranged Weapons | 5 6 8 9 11 13 14 16 | 16.4
Fighting       | 3 4 6 7 8 10 12 14 15 | 15.0
Dodging        | 2 3 4 5 6 8 |  8.6
Invocations    | 2 4 6 10 | 10.0
Stealth        | |  1.1

Action                     |  1- 3 |  4- 6 |  7- 9 | 10-12 | 13-15 || total
---------------------------+-------+-------+-------+-------+-------++-------
   Fire: Shortbow          |    99 |   133 |   201 |   520 |   512 ||  1465
         Arbalest          |       |       |       |       |   245 ||   245
 Invoke: Heroism           |       |       |    14 |    22 |    19 ||    55
         Finesse           |       |       |       |       |     4 ||     4
    Use: Scroll            |     8 |     4 |     8 |     9 |    13 ||    42
         Potion            |     1 |     1 |     4 |     3 |     1 ||    10
 Armour: Leather armour    |     1 |       |    36 |   325 |   219 ||   581
         Ring mail         |    22 |    47 |    42 |       |       ||   111
  Dodge: Dodged            |    24 |    30 |    66 |   361 |   259 ||   740
  Block: Other             |       |       |       |       |    43 ||    43
         Reflection        |       |       |       |       |     3 ||     3

Table legend:
 A = Non-vault XP
 B = Vault XP
 C = Vault XP percentage of total XP
 D = Non-vault monster count
 E = Vault monster count
 F = Vault count percentage of total count
                 A         B        C        D         E       F
            +---------+---------+-------+---------+---------+-------
      Total |   57742 |   24658 |  29.9 |     305 |     140 |  31.5
            +---------+---------+-------+---------+---------+-------
        D:1 |      30 |       0 |   0.0 |      20 |       0 |   0.0
        D:2 |      32 |       7 |  17.9 |       9 |       4 |  30.8
        D:3 |     105 |       0 |   0.0 |      17 |       0 |   0.0
        D:4 |     440 |      15 |   3.3 |      17 |       2 |  10.5
        D:5 |     324 |      66 |  16.9 |       6 |       8 |  57.1
        D:6 |    1185 |     197 |  14.3 |      18 |       1 |   5.3
        D:7 |    1507 |     343 |  18.5 |      18 |       5 |  21.7
        D:8 |    1952 |     361 |  15.6 |      27 |       1 |   3.6
        D:9 |    1864 |    1212 |  39.4 |       7 |       2 |  22.2
       D:10 |    1213 |    1141 |  48.5 |       9 |      52 |  85.2
       D:11 |    5317 |       0 |   0.0 |      23 |       0 |   0.0
       D:12 |    7350 |       0 |   0.0 |      23 |       0 |   0.0
       D:13 |    3937 |    6338 |  61.7 |      12 |      12 |  50.0
     Lair:1 |    6002 |       0 |   0.0 |      24 |       0 |   0.0
     Lair:2 |    3445 |    1927 |  35.9 |      14 |      10 |  41.7
     Lair:3 |    7365 |    1166 |  13.7 |      19 |       3 |  13.6
     Lair:4 |    6729 |     952 |  12.4 |      23 |       3 |  11.5
     Lair:5 |    8945 |   10933 |  55.0 |      19 |      37 |  66.1
            +---------+---------+-------+---------+---------+-------
